 Dungeon Crawl Stone Soup version 0.16-a0-3946-g4f19e5c (webtiles) character file.

139 Murumi the Shield-Bearer (level 5, -1/42 HPs)
             Began as a Formicid Fighter on Feb 9, 2015.
             Slain by a river rat (5 damage)
             ... in a sewer.
             The game lasted 00:09:58 (2092 turns).

Murumi the Shield-Bearer (Formicid Fighter)         Turns: 2092, Time: 00:09:58

Health: -1/42      AC:  7    Str: 21    XL:     5   Next: 46%
Magic:  7/7        EV:  8    Int:  8    God:
Gold:   106        SH:  9    Dex: 10    Spells: 0 memorised, 4 levels left

rFire  . . .     SeeInvis +     a - +0 long sword
rCold  + . .     Clarity  .     b - +0 scale mail
rNeg   . . .     SustAb   .     c - +0 shield
rPois  .         Gourm    .     (helmet unavailable)
rElec  .         Spirit   .     (no cloak)
rCorr  .         Warding  .     (no gloves)
rMut   .         Stasis   +     (no boots)
MR     .....                    (no amulet)
Stlth  ..........               (no ring)
                                m - ring of protection from cold

@: lethally poisoned (-1 -> -6), not resistant to hostile enchantments,
extremely unstealthy
A: permanent stasis, dig shafts and tunnels, four strong arms, antennae 3
a: Dig, Shaft Self


You were in a sewer.
You were hungry.

You visited 1 branch of the dungeon, and saw 3 of its levels.
You also visited: Sewer.

You collected 106 gold pieces.

Inventory:

Hand weapons
 a - a +0 long sword (weapon)
Missiles
 f - 18 bolts
Armour
 b - a +0 scale mail (worn)
 c - a +0 shield (worn)
Jewellery
 m - a ring of protection from cold (left hand)
Potions
 e - a potion of might
 g - 2 potions of restore abilities
 h - a potion of brilliance
 i - 3 potions of cancellation
 l - a potion of haste
 n - 2 potions of curing {unknown}
 o - a potion of heal wounds {unknown}
Comestibles
 d - a bread ration
 j - a beef jerky
 k - a meat ration


   Skills:
 - Level 4.0 Fighting
 - Level 3.0 Long Blades
 - Level 4.1 Armour
 - Level 1.0 Dodging
 + Level 4.7 Shields


You had 4 spell levels left.
You didn't know any spells.

Dungeon Overview and Level Annotations

Branches:
Dungeon (3/15)

Altars:


Innate Abilities, Weirdness & Mutations

You are under a permanent stasis effect.
You can dig through walls and to a lower floor.
Your four strong arms can wield two-handed weapons with a shield.
You have a pair of large antennae on your head (SInv).


Message History

You closely miss the river rat.
The river rat is severely wounded.
The adder bites you.
You are poisoned.
The adder poisons you! You block the river rat's attack.
You closely miss the river rat.
The river rat is severely wounded.
You feel sick. You block the adder's attack. The river rat bites you.
* * * LOW HITPOINT WARNING * * *
The adder bites you.
* * * LOW HITPOINT WARNING * * *
You are more poisoned.
The adder poisons you!
Drink which item? (? for menu, Esc to quit)
It was a potion of haste.
Your stasis keeps you stable.
* * * LOW HITPOINT WARNING * * *
You feel sick. The adder bites you.
* * * LOW HITPOINT WARNING * * *
The river rat bites you.
You die...

# ##.{{{{### ####..{{ ...###
......# ......... .......
##.......#
#....r##........####...
###...S@..........##....
≈≈≈≈≈≈≈≈≈##≈≈≈≈≈≈.........≈≈≈≈≈
≈≈≈≈≈≈≈≈≈≈≈≈≈≈≈≈≈≈≈≈≈≈≈≈≈≈≈≈≈≈≈≈≈
≈≈≈≈≈≈≈≈≈≈≈≈≈≈≈≈≈≈≈≈≈≈≈≈≈≈≈≈≈≈≈≈≈
≈≈≈≈≈≈≈≈≈≈≈≈≈≈≈≈≈≈≈≈≈≈≈≈≈≈≈≈≈≈≈≈≈
≈≈≈≈≈≈≈≈≈≈≈≈≈≈≈≈≈≈≈≈≈≈≈≈≈≈≈≈≈≈≈≈
###≈≈≈≈≈≈≈≈≈≈≈≈≈≈≈≈≈≈.....≈≈≈≈≈≈≈
..#≈≈≈≈≈≈≈≈≈≈≈≈≈≈≈≈≈........≈≈≈≈≈
..#≈≈≈≈≈≈≈......................≈


You could see an adder and a river rat.

Vanquished Creatures
  2 gnolls (D:2)
  3 adders
  2 giant mites
  2 river rats (Sewer)
  7 giant geckos
  6 bats
  2 giant cockroaches
  4 goblins
  8 hobgoblins
  A quokka (D:1)
  2 giant newts (Sewer)
  11 kobolds
  11 rats
61 creatures vanquished.

Notes
Turn   | Place    | Note
--------------------------------------------------------------
     0 | D:1      | Murumi, the Formicid Fighter, began the quest for the Orb.
     0 | D:1      | Reached XP level 1. HP: 18/18 MP: 1/1
    73 | D:1      | Reached skill level 4 in Shields
    96 | D:1      | Reached XP level 2. HP: 24/24 MP: 3/3
   563 | D:1      | Reached XP level 3. HP: 30/30 MP: 4/4
   848 | D:2      | Reached XP level 4. HP: 22/37 MP: 5/5
  1518 | D:3      | Found a glowing drain.
  1567 | D:3      | Reached skill level 1 in Dodging
  1567 | D:3      | Reached XP level 5. HP: 38/42 MP: 7/7
  1569 | Sewer    | Entered a sewer
  2092 | Sewer    | Slain by a river rat

Action                   |  1- 3 |  4- 6 || total
-------------------------+-------+-------++-------
Melee: Long sword        |    98 |   166 ||   264
 Abil: Dig               |     1 |     1 ||     2
  Use: Scroll            |     7 |     1 ||     8
       Potion            |       |     1 ||     1
  Eat: Chunk             |       |     4 ||     4
